 Dungeon Crawl Stone Soup version 0.30.1-6-gbe392663c4 (webtiles) character file.

Game seed: 17778722910197069780

3676 Wiggles the Cleaver (level 9, -4/82 HPs)
             Began as a Minotaur Berserker on Sept 21, 2023.
             Was an Elder of Trog.
             Slain by a gnoll
             ... wielding a +0 halberd
             ... led by a gnoll sergeant
              (5 damage)
             ... on level 8 of the Dungeon.
             The game lasted 00:09:37 (6093 turns).

Wiggles the Cleaver (Minotaur Berserker)            Turns: 6093, Time: 00:09:38

Health: -4/82      AC: 11    Str: 30    XL:     9   Next: 89%
Magic:  0/8        EV: 10    Int: 10    God:    Trog [****..]
Gold:   453        SH:  5    Dex:  9    Spells: 8/8 levels left

rFire   . . .        i - +1 hand axe (elec)
rCold   + . .        n - +1 buckler
rNeg    . . .        r - +0 chain mail
rPois   .            (helmet restricted)
rElec   .            x - scarf {+Inv}
rCorr   .            (no gloves)
SInv    .            (no boots)
Will    .....        l - amulet of guardian spirit Stlth
                     q - ring "Seffa Winy" {Drain rC+ Str+3 Int+6}
HPRegen 0.33/turn    (no ring)
MPRegen 0.11/turn

%: guardian spirit
@: lethally poisoned (-4 -> -5), on berserk cooldown, slowed, studying Axes,
very slow
A: horns 2, retaliatory headbutt
a: Renounce Religion, Evoke Invisibility, Berserk, Trog's Hand, Brothers in Arms


You were on level 8 of the Dungeon.
You worshipped Trog.
Trog was greatly pleased with you.
You visited 1 branch of the dungeon, and saw 8 of its levels.

You collected 453 gold pieces.

Inventory:

Hand Weapons
 i - a +1 hand axe of electrocution (weapon)
Missiles
 s - 2 throwing nets (quivered)
Armour
 n - a +1 buckler (worn)
 r - a +0 chain mail (worn)
 x - a scarf of invisibility (worn)
Jewellery
 l - an amulet of guardian spirit (around neck)
 q - the ring "Seffa Winy" (left hand) {Drain rC+ Str+3 Int+6}
   (You found it on level 4 of the Dungeon)

   [ring of intelligence]

   Str:       It affects your strength (+3).
   Int:       It affects your intelligence (+6).
   rC:        It protects you from cold.
   Drain:     It drains your maximum health when unequipped.
Wands
 z - a wand of mindburst (14)
Scrolls
 b - 2 scrolls of teleportation
 c - 2 scrolls of fear
 d - 8 scrolls of identify
 A - a scroll of enchant weapon
Potions
 e - 3 potions of might
 f - 2 potions of flight
 k - 2 potions of ambrosia
 m - a potion of haste
 o - 2 potions of mutation
 u - 2 potions of brilliance
 v - a potion of heal wounds
 w - a potion of magic
 B - a potion of curing


   Skills:
 + Level 8.6 Fighting
 + Level 12.2 Axes
 + Level 8.2 Armour
 + Level 4.6 Dodging
 + Level 1.0 Stealth
 + Level 4.0 Shields


You had 8 spell levels left.
You didn't know any spells.
Your spell library was empty.

Dungeon Overview and Level Annotations

Branches:
Dungeon (8/15)             Temple (0/1) D:7
   Lair: D:8-11

Altars:
Yredelemnul

Shops:
D:5 !


Innate Abilities, Weirdness & Mutations

You have a pair of horns on your head.
You reflexively headbutt those who attack you in melee.


Message History

Trog accepts your kill.
You hit the yak but do no damage. Lightning courses through the yak!
You feel sick. The yak barely misses you. You furiously retaliate!
You headbutt the yak!
The gnoll hits you from afar with a +0 halberd.
Your Axes skill increases to level 12!
Your Armour skill increases to level 8!
You completely miss the yak. You barely miss the yak.
You feel sick. The yak gores you.
The gnoll hits you from afar with a +0 halberd.
You hit the yak.
The yak is lightly wounded.
You hit the orc but do no damage. You slash the yak!
You kill the yak!
Trog accepts your kill.
You feel sick. The yak gores you!
* * * LOW HITPOINT WARNING * * *
The orc hits you but does no damage.
The gnoll hits you from afar with a +0 halberd!
* * * LOW HITPOINT WARNING * * *
Your Shields skill increases to level 4!
You slash the yak!
The yak is moderately wounded.
You hit the orc but do no damage.
You feel sick.
You hear a bellow!
You block the yak's attack. The orc hits you but does no damage.
The gnoll hits you from afar with a +0 halberd.
* * * LOW HITPOINT WARNING * * *
A yak comes into view. x2
The yak gores you but does no damage. The orc closely misses you.
The gnoll hits you from afar with a +0 halberd.
* * * LOW HITPOINT WARNING * * *
You slash the yak! Your headbutt misses the yak.
The yak is heavily wounded.
You hit the orc but do no damage. Lightning courses through the orc!!
You kill the orc!
Trog accepts your kill.
* * * LOW HITPOINT WARNING * * *
You feel sick. You block the yak's attack.
The gnoll hits you from afar with a +0 halberd.
You die...

######.......# #.#..
#...# #.......# #.#.#
.... #.......# ..#.#
....####.......# #.#
...............# ..#
..o.......##.#######
.YY................
o#Y)...........####
#@)g..).......####
#.)).............#
####.#..##......#.#
#....#..##......#.#
#.##....##......#.#
##.##.....'......#.#
........).##......#.#
.##.......##......#.#
#........'...####<#


You could see 3 yaks, a gnoll and an orc.

Vanquished Creatures
  3 yaks (D:8)
  Sigmund (D:5)
  The ghost of Athletesfoot the Chopper, an amateur HOMo (D:4)
  A wyvern (D:7)
  A steam dragon (D:6)
  Menkaure (D:6)
  A water moccasin (D:5)
  An orc warrior (D:8)
  4 black bears
  2 ice beasts (D:7)
  3 centaurs
  2 ogres (D:5)
  A phantom (D:7)
  A kobold brigand (D:6)
  A gnoll sergeant (D:8)
  3 scorpions
  3 bullfrogs (D:7)
  3 killer bees (D:7)
  4 hounds
  4 jellies
  2 sleepcaps
  Natasha (D:4)
  An iguana (D:6)
  4 orc wizards
  5 adders
  4 gnolls (D:8)
  2 shadow imps
  A white imp (D:6)
  An ufetubus (D:5)
  An adder zombie (D:3)
  6 worms
  3 dart slugs
  12 orcs
  5 bats
  10 endoplasms
  7 giant cockroaches
  4 hobgoblins
  11 jackals
  5 quokkas
  7 ball pythons
  A ball python zombie (D:3)
  4 frilled lizards
  A giant cockroach zombie (D:3)
  10 goblins
  15 kobolds
  8 rats
172 creatures vanquished.

Notes
Turn   | Place    | Note
-------+----------+-------------------------------------------
     0 | D:1      | Wiggles the Minotaur Berserker began the quest for the Orb.
     0 | D:1      | Reached XP level 1. HP: 19/19 MP: 0/0
     1 | D:1      | Found a runed translucent door.
     1 | D:1      | Noticed a jelly
   209 | D:1      | Reached XP level 2. HP: 25/27 MP: 1/1
   239 | D:1      | Reached skill level 4 in Axes
   310 | D:1      | Reached ** piety under Trog
  1036 | D:1      | Reached XP level 3. HP: 33/33 MP: 2/2
  1043 | D:1      | Reached XP level 4. HP: 41/41 MP: 3/3
  1149 | D:2      | Reached skill level 5 in Axes
  1871 | D:3      | Reached *** piety under Trog
  1955 | D:3      | Reached XP level 5. HP: 40/47 MP: 4/4
  2202 | D:3      | Found a basalt altar of Yredelemnul.
  2465 | D:4      | Reached skill level 6 in Axes
  2493 | D:4      | Noticed a black bear
  2500 | D:4      | Killed a black bear
  2501 | D:4      | Reached XP level 6. HP: 53/55 MP: 5/5
  2725 | D:4      | Found a runed translucent door.
  2726 | D:4      | Noticed Athletesfoot's ghost (amateur HOMo)
  2736 | D:4      | Killed Athletesfoot's ghost
  2737 | D:4      | Reached skill level 5 in Fighting
  2737 | D:4      | Reached skill level 7 in Axes
  2745 | D:4      | Identified the ring "Seffa Winy" {Drain rC+ Str+3 Int+6}
  2834 | D:4      | Noticed Natasha
  2846 | D:4      | Killed Natasha
  2983 | D:4      | Reached XP level 7. HP: 55/61 MP: 4/6
  3290 | D:5      | Entered Level 5 of the Dungeon
  3348 | D:5      | Noticed Sigmund
  3359 | D:5      | Killed Sigmund
  3360 | D:5      | Reached skill level 8 in Axes
  3525 | D:5      | Reached skill level 1 in Shields
  3526 | D:5      | Found Nykkiow's Distillery.
  3535 | D:5      | Reached skill level 5 in Armour
  3535 | D:5      | Reached XP level 8. HP: 48/70 MP: 5/7
  3677 | D:5      | Reached skill level 9 in Axes
  4202 | D:6      | Reached skill level 10 in Axes
  4314 | D:6      | Reached **** piety under Trog
  4546 | D:6      | Reached XP level 9. HP: 79/79 MP: 8/8
  4632 | D:6      | Noticed Menkaure
  4638 | D:6      | Killed Menkaure
  5422 | D:7      | Reached skill level 11 in Axes
  5625 | D:7      | Identified the +7 dagger of Egymaidd {freeze, rElec}
  5674 | D:7      | Found a staircase to the Ecumenical Temple.
  5901 | D:7      | Identified a scroll of acquirement
  5901 | D:7      | Acquired a manual of Axes
  6088 | D:8      | Reached skill level 1 in Stealth
  6090 | D:8      | Reached skill level 12 in Axes
  6092 | D:8      | HP: 4/82 [gnoll/+0 halberd[a gnoll sergeant] (5)]
  6093 | D:8      | HP: 1/82 [poisoned by a gnoll sergeant]
  6093 | D:8      | Slain by a gnoll

Illustrated notes

Levels and vault maps discovered:
D:1:      dpeg_arrival_caged_fury, layout_basic
D:2:      layout_loops_ring, kennysheep_potato
D:3:      layout_rooms, nicolae_yredelemnul_corpse_copse
D:4:      layout_loops_ring, ebering_ghost_inner_flame, st_stairs_4,
          uniq_natasha
D:5:      layout_basic, serial_shops, nicolae_shop_industrial_runoff,
          uniq_sigmund
D:6:      layout_basic, uniq_menkaure
D:7:      nicolae_cairo_tiling_large_dashed, layout_gridville,
          lemuel_temple_firewalk_b
D:8:      layout_basic, dk_vineyard_2, uniq_psyche

Skill      XL: |  1  2  3  4  5  6  7  8  9 |
---------------+----------------------------+-----
Fighting       | 4 5 6 7 8 |  8.6
Axes           | 4 5 6 7 8 10 12 | 12.2
Armour         | 3 5 6 8 |  8.2
Dodging        | 3 4 |  4.6
Shields        | 1 2 4 |  4.0
Stealth        | 1 |  1.0

Action                     |  1- 3 |  4- 6 |  7- 9 || total
---------------------------+-------+-------+-------++-------
  Melee: Hand axe          |    52 |   133 |   183 ||   368
         Headbutt          |     3 |    18 |    30 ||    51
         Punch             |       |     1 |       ||     1
 Invoke: Berserk           |     1 |     2 |     5 ||     8
    Use: Potion            |       |       |     4 ||     4
         Scroll            |       |       |    15 ||    15
 Armour: Animal skin       |     6 |       |       ||     6
         Leather armour    |     9 |    18 |       ||    27
         Chain mail        |       |    12 |    98 ||   110
  Dodge: Dodged            |    29 |    70 |    91 ||   190
  Block: Buckler           |       |     6 |    42 ||    48
